 Dungeon Crawl Stone Soup version 0.27-a0-1513-g2aaa0cc67b (webtiles) character file.

Game seed: 3258867978193281214

317 hilljack the Magician (level 6, -7/32 HPs)
             Began as a Gargoyle Earth Elementalist on July 10, 2021.
             Mangled by an ogre (13 damage)
             ... on level 4 of the Dungeon.
             The game lasted 00:05:32 (3613 turns).

hilljack the Magician (Gargoyle Earth Elementalist) Turns: 3613, Time: 00:05:32

Health: -7/32      AC:  8    Str: 12    XL:     6   Next: 44%
Magic:  10/15      EV: 11    Int: 17    God:
Gold:   121        SH:  0    Dex: 10    Spells: 11/17 levels left

rFire    . . .     SeeInvis .   h - +1 whip (elec)
rCold    . . .     Faith    .   (no shield)
rNeg     + . .     Spirit   .   b - +0 robe
rPois    ∞         Reflect  .   (no helmet)
rElec    +         Harm     .   i - +1 cloak
rCorr    .         Rampage  .   (no gloves)
Will     .....                  (no boots)
Stlth    ++........             (no amulet)
HPRegen  0.10/turn              (no ring)
MPRegen  0.14/turn              (no ring)

@: no status effects
A: sickness immunity, AC +4, negative energy resistance 1, electricity
resistance, torment resistance 1, petrification resistance
a: no special abilities


You were on level 4 of the Dungeon.
You visited 1 branch of the dungeon, and saw 4 of its levels.

You collected 121 gold pieces.

Inventory:

Hand Weapons
 h - a +1 whip of electrocution (weapon)
Missiles
 c - 3 stones
 e - 8 atropa-tipped darts
 g - 6 poisoned darts
Armour
 b - a +0 robe (worn)
 i - a +1 cloak (worn)
Scrolls
 a - a scroll of identify
 l - a scroll of magic mapping {unknown}
 m - a scroll of torment {unknown}
Potions
 d - 2 potions of curing
 f - 2 potions of attraction {unknown}
 j - a potion of berserk rage {unknown}
 n - a potion of haste {unknown}


   Skills:
 - Level 1.5 Dodging
 - Level 2.1 Stealth
 + Level 6.1 Spellcasting
 + Level 0.0 Conjurations
 - Level 0.7 Transmutations
 + Level 3.6 Earth Magic


You had 11 spell levels left.
You knew the following spells:

 Your Spells              Type           Power      Damage    Failure   Level
a - Sandblast             Erth           34%        2d9       2%          1
b - Passwall              Tmut/Erth      10%        N/A       8%          2
c - Stone Arrow           Conj/Erth      22%        3d8       19%         3

Your spell library contained the following spells:

 Spells                   Type           Power      Damage    Failure   Level
 Animate Skeleton         Necr           10%        N/A       13%         1
 Apportation              Tloc           10%        N/A       13%         1
 Corona                   Hex            5%         N/A       13%         1
 Summon Small Mammal      Summ           20%        N/A       13%         1
 Petrify                  Tmut/Erth      12%        N/A       45%         4
 Summon Forest            Summ/Tloc      2%         N/A       98%         5
 Summon Mana Viper        Hex/Summ       5%         N/A       98%         5
 Shadow Creatures         Summ           N/A        N/A       100%        6


Dungeon Overview and Level Annotations

Branches:
Dungeon (4/15)
 Temple: D:4-7

Altars:
Ashenzari
Cheibriados
Nemelex Xobeh
The Shining One


Innate Abilities, Weirdness & Mutations

You are immune to sickness and miasma.
Your stone body is resilient. (AC +4)
You are immune to poison.
You resist negative energy. (rN+)
You are resistant to electric shocks. (rElec)
You are resistant to unholy torment.
You are immune to petrification.


Message History

Anything else - Cancel.
You shout for attention!
You hear a shout! x2; You hear an angry hiss.
You hear a shout!
No reachable target in view!
No reachable target in view!
No reachable target in view!
A hobgoblin is nearby!
No reachable target in view!
An ogre comes into view. It is wielding a +0 giant club.
A ball python comes into view.
An ogre comes into view. It is wielding a +0 giant spiked club.
The blast of sand hits the hobgoblin.
The hobgoblin is almost dead.
The ball python hisses angrily.
The hobgoblin hits you but does no damage.
You barely miss the hobgoblin.
The hobgoblin is almost dead.
The hobgoblin hits you but does no damage.
The hobgoblin closely misses you.
The blast of sand misses the hobgoblin.
The ball python closely misses you. The ball python grabs you.
The ball python constricts you. The hobgoblin barely misses you.
The blast of sand hits the ball python!
You kill the ball python!
The hobgoblin barely misses you. The ogre hits you with a +0 giant club!
The blast of sand hits the hobgoblin!
You kill the hobgoblin!
The blast of sand hits the ogre!
The ogre is heavily wounded.
The ogre barely misses you.
The blast of sand hits the ogre.
The ogre is severely wounded.
The ogre hits you with a +0 giant club!!
Ouch! That really hurt!
* * * LOW HITPOINT WARNING * * *
As you read the scroll labelled MIUPLA FASMU, it crumbles to dust.
It is a scroll of enchant weapon.
Your +0 whip of electrocution glows red for a moment.
The ogre hits you with a +0 giant club!
You die...

########.####'###
#######.....)....#
.................#
.......÷.........#
.................#
..........#....###
.......####.#....#
.......
#...#.##O####
.......
#.#....@O...#
.......
#>..≈≈≈≈≈≈≈.#
##...[......#
##.≈.≈≈≈.≈.#
#.≈.....≈.#
#.≈.._..≈.#
...≈.....≈.#
##.≈.≈≈≈.≈.#


You could see 2 ogres.

Vanquished Creatures
  Sigmund (D:3)
  A scorpion (D:4)
  2 adders
  2 worms
  3 dart slugs
  3 bats (D:3)
  7 endoplasms
  A giant cockroach (D:1)
  4 goblins (D:1)
  11 hobgoblins
  4 jackals
  5 kobolds
  4 quokkas
  12 ball pythons
  A frilled lizard (D:2)
  8 rats
69 creatures vanquished.

Vanquished Creatures (others)
  2 plants (D:1)
2 creatures vanquished.

Grand Total: 71 creatures vanquished

Notes
Turn   | Place    | Note
-------+----------+-------------------------------------------
     0 | D:1      | hilljack the Gargoyle Earth Elementalist began the quest
                  | for the Orb.
     0 | D:1      | Reached XP level 1. HP: 10/10 MP: 3/3
   288 | D:1      | Reached XP level 2. HP: 15/15 MP: 0/5
   540 | D:1      | Found a faded altar of an unknown god.
   550 | D:1      | Reached skill level 3 in Spellcasting
   768 | D:1      | Reached XP level 3. HP: 14/19 MP: 7/7
  1161 | D:2      | Learned a level 2 spell: Passwall
  1165 | D:2      | Learned a level 3 spell: Stone Arrow
  2137 | D:2      | Reached XP level 4. HP: 24/24 MP: 9/9
  2205 | D:2      | Reached skill level 4 in Spellcasting
  2637 | D:3      | Found a snail-covered altar of Cheibriados.
  2639 | D:3      | Found a broken altar of Ashenzari.
  2681 | D:3      | Noticed Sigmund
  2689 | D:3      | Killed Sigmund
  2690 | D:3      | Reached skill level 5 in Spellcasting
  2690 | D:3      | Reached XP level 5. HP: 25/28 MP: 4/13
  2690 | D:3      | Reached XP level 6. HP: 29/32 MP: 4/14
  3093 | D:3      | Found a sparkling altar of Nemelex Xobeh.
  3329 | D:4      | Reached skill level 6 in Spellcasting
  3599 | D:4      | Found a glowing golden altar of the Shining One.
  3613 | D:4      | Mangled by an ogre

Illustrated notes

Levels and vault maps discovered:
D:1:      nagdon_arrival_double_spiral, layout_basic,
          shapermc_ecumenical_altar_mp_ritualfount, minmay_misc_feat_room
D:2:      layout_basic, chequers_arboretum, nrook_uturn, roderic_three_in_a_row
D:3:      layout_basic, chequers_temple_overflow_statue_of_worship, uniq_sigmund
D:4:      layout_basic, mainiacjoe_overflow_cross_hatched, demons_altar,
          nzn_random_ring

Skill      XL: |  1  2  3  4  5  6 |
---------------+-------------------+-----
Spellcasting   | 3 5 6 |  6.1
Dodging        | |  1.5
Stealth        | |  2.1
Transmutations | |  0.7
Earth Magic    | |  3.6

Action                   |  1- 3 |  4- 6 || total
-------------------------+-------+-------++-------
Melee: Whip              |    68 |    69 ||   137
 Cast: Sandblast         |    38 |    35 ||    73
  Use: Scroll            |     3 |     1 ||     4
 Stab: Sleeping          |     1 |     2 ||     3
Armor: Robe              |    28 |    43 ||    71
Dodge: Dodged            |    47 |    56 ||   103

Table legend: (Time is in decaauts)
 A = Elapsed time spent in this place.
 B = Non-inter-level travel time spent in this place.
 C = Inter-level travel time spent in this place.
 D = Time resting spent in this place.
 E = Time spent auto-exploring this place.
 F = Levels seen in this place.
 G = Mean time per level.
                   A        B        C        D        E       F      G
               +--------+--------+--------+--------+--------+-----+--------+
         Total |   3626 |   3516 |    110 |    963 |   2031 |   4 |  906.5 |
       Dungeon |   3626 |   3516 |    110 |    963 |   2031 |   4 |  906.5 |
               +--------+--------+--------+--------+--------+-----+--------+

Top non-repeatable levels by time:
     D:2: 1372 daAuts
     D:1: 1161 daAuts
     D:3: 758 daAuts
     D:4: 333 daAuts
